 Dungeon Crawl Stone Soup version 0.27.1-34-g3ba077fa99 (webtiles) character file.

Game seed: 16359153394387976319

77 hellfireifrit the Insei (level 4, -2/32 HPs)
             Began as a Djinni Transmuter on Jan 18, 2022.
             Slain by an adder (4 damage)
             ... on level 3 of the Dungeon.
             The game lasted 00:16:58 (2900 turns).

hellfireifrit the Insei (Djinni Transmuter)         Turns: 2900, Time: 00:16:59

Health: -2/32      AC:  2    Str:  9    XL:     4   Next: 60%
Gold:   73         EV: 12    Int: 16    God:
                   SH:  0    Dex: 13

rFire    + + .     SeeInvis .     - Unarmed
rCold    x . .     Faith    .   (no shield)
rNeg     . . .     Spirit   .   a - +0 robe
rPois    ∞         Reflect  .   (no helmet)
rElec    .         Harm     .   (no cloak)
rCorr    .         Rampage  .   (no gloves)
Will     .....                  (boots unavailable)
Stlth    +.........             (no amulet)
HPRegen  0.10/turn              (no ring)
MPRegen  0.00/turn              (no ring)

@: wereblooded, flying, very slightly contaminated
A: sickness immunity, fire resistance 2, cold vulnerability 1, float, innate
caster, hp casting, extra vitality 1
a: no special abilities


You were on level 3 of the Dungeon.
You visited 1 branch of the dungeon, and saw 3 of its levels.

You collected 73 gold pieces.

Inventory:

Hand Weapons
 c - a +0 whip
 m - a +0 hand axe
Armour
 a - a +0 robe (worn)
 d - a +0 helmet
 e - a +2 cloak
 l - a +0 ring mail
Jewellery
 b - a +4 ring of evasion
Scrolls
 i - a scroll of teleportation
 j - a scroll of noise
 k - a scroll of magic mapping {unknown}
Potions
 f - a potion of invisibility
 g - 2 potions of lignification {unknown}
 h - a potion of curing {unknown}


   Skills:
 + Level 1.2 Fighting
 + Level 2.6 Dodging
 + Level 0.7 Stealth
 + Level 4.1 Unarmed Combat
 + Level 2.2 Spellcasting


You couldn't memorise any spells.
You knew the following spells:

 Your Spells              Type           Power      Damage    Failure   Level
a - Beastly Appendage     Tmut           16%        N/A       9%          1
b - Wereblood             Tmut           8%         N/A       12%         2
c - Spider Form           Tmut/Pois      4%         N/A       24%         3
d - Ice Form              Ice/Tmut       8%         N/A       63%         4
e - Foxfire               Conj/Fire      32%        2x1d5     9%          1
Your spell library was empty.

Dungeon Overview and Level Annotations

Branches:
Dungeon (3/15)

Altars:


Innate Abilities, Weirdness & Mutations

You are immune to sickness and miasma.
You are immune to poison.
Your flesh is very heat resistant. (rF++)
You are vulnerable to cold. (rC-)
You float through the air rather than walking.
You learn spells naturally, not from books.
Your magical power is your life essence.
You have superior vitality. (+4 HP)


Message History

The gnoll throws a throwing net.
The throwing net closely misses you.
The gnoll throws a throwing net.
The throwing net hits you.
You become entangled in the net!
You see here a throwing net.
You struggle against the net.
The adder barely misses you.
You struggle against the net.
The gnoll completely misses you. The adder bites you.
You tear a large gash into the net.
The adder barely misses you. The gnoll hits you with a +0 club.
You rip the net and break free!
The adder bites you. The gnoll hits you with a +0 club. The adder bites you.
The adder misses you.
Casting: Beastly Appendage (safe; 9% risk of failure)
Confirm with . or Enter, or press ? or * to list all spells.
You conjure some foxfire!
The adder bites you.
Your foxfire dissipates!
The adder bites you.
Casting: Foxfire (safe; 9% risk of failure)
Confirm with . or Enter, or press ? or * to list all spells.
You miscast Foxfire.
You are very lightly contaminated with residual magic.
Nothing appears to happen.
The adder barely misses you.
Casting: Foxfire (safe; 9% risk of failure)
Confirm with . or Enter, or press ? or * to list all spells.
You miscast Foxfire.
Nothing appears to happen.
* * * LOW HITPOINT WARNING * * *
The adder barely misses you. The adder bites you.
* * * LOW HITPOINT WARNING * * *
The adder bites you but does no damage.
Casting: Foxfire (safe; 9% risk of failure)
Confirm with . or Enter, or press ? or * to list all spells.
Your blood is infused with primal strength.
* * * LOW HITPOINT WARNING * * *
The adder bites you.
* * * LOW HITPOINT WARNING * * *
You miss the adder. The adder closely misses you. The adder bites you.
* * * LOW HITPOINT WARNING * * *
You closely miss the adder. The adder bites you.
You die...

##### ...# . #..# .. #..#
################### .#. #.(#
#.@............(... ....
#..#######S#################
.#...#.....g..gg.........†...>#
#
........#######.#######.#####.#
# ####....# #.# #.# # #....###
##'#### #.# # ...... #.....#
#.# # .#.... #.....# #.# #.....
#.....####.#####.#


You could see 2 gnolls and an adder.

Vanquished Creatures
  3 adders
  2 worms (D:2)
  2 dart slugs (D:1)
  5 endoplasms
  4 giant cockroaches
  2 goblins (D:2)
  4 hobgoblins
  4 jackals (D:1)
  3 kobolds
  5 bats
  5 rats
39 creatures vanquished.

Vanquished Creatures (others)
  A kobold (D:2)
  21 foxfires
  A plant (D:1)
23 creatures vanquished.

Grand Total: 62 creatures vanquished

Notes
Turn   | Place    | Note
-------+----------+-------------------------------------------
     0 | D:1      | hellfireifrit the Djinni Transmuter began the quest for the
                  | Orb.
     0 | D:1      | Reached XP level 1. HP: 17/17 MP: 0/0
   337 | D:1      | Reached XP level 2. HP: 22/22 MP: 0/0
   933 | D:1      | Reached XP level 3. HP: 26/27 MP: 0/0
   933 | D:1      | Learned a level 1 spell: Foxfire
  1517 | D:2      | Reached XP level 4. HP: 31/32 MP: 0/0
  1587 | D:2      | Reached skill level 4 in Unarmed Combat
  2900 | D:3      | Slain by an adder

Illustrated notes

Levels and vault maps discovered:
D:1:      psy_arrival_fountain, layout_basic,
          hellmonk_ecumenical_altar_defaced_shrine
D:2:      layout_loops_ring, chequers_serial_rivers_micro_b, lemuel_old_faithful
D:3:      layout_basic, nicolae_qazlal_style_of_elements,
          hangedman_decor_lopped, uniq_terence, uniq_robin

Skill      XL: |  1  2  3  4 |
---------------+-------------+-----
Spellcasting   | 2 |  2.2
Unarmed Combat | 4 |  4.1
Fighting       | |  1.2
Dodging        | |  2.6
Stealth        | |  0.7

Action                   |  1- 3 |  4- 6 || total
-------------------------+-------+-------++-------
Melee: Unarmed           |    99 |    54 ||   153
       Headbutt          |    12 |     1 ||    13
       Punch             |     2 |       ||     2
 Cast: Beastly Appendage |    12 |     3 ||    15
       Wereblood         |     4 |     2 ||     6
       Foxfire           |     8 |     8 ||    16
       Spider Form       |       |     3 ||     3
  Use: Scroll            |     3 |     1 ||     4
       Potion            |     1 |       ||     1
 Stab: Sleeping          |     2 |       ||     2
Armor: Robe              |    23 |    12 ||    35
Dodge: Dodged            |    71 |    47 ||   118
